AoeStats
← a152419642

Arabia

508604998Analyzed
1v1 RM · 10d ago on Sep 23, 2026· 58m 52s· 2 players
Game mode
Random Map
Map size
Tiny (2 player)
Population
200
Speed
Normal
Resources
Standard
Victory
Conquest
Starting age
Dark Age
Ending age
Imperial Age
RankedLock teamsTeams togetherTeam positionsShared explorationLock speedFull tech treeHidden civsTurbo modeCheats
Victory
Defeat
🇹🇼 Franks · Taiwan
663
+17
🇧🇷 Portuguese · Brazil
676
-17
a152419642
7:30 Loom
11:13 Feudal Age
19:48 Castle Age
19:37 Double-Bit Axe
22:13 Forging
23:03 Bow Saw
23:10 Gold Mining
24:35 Fletching
26:30 Bodkin Arrow
29:41 Padded Archer Armor
29:07 Ordonnance Companies
31:07 Wheelbarrow
31:11 Gold Shaft Mining
30:11 Light Cavalry
30:54 Husbandry
31:32 Iron Casting
31:25 Town Watch
32:25 Ballistics
37:29 Imperial Age
36:36 Hand Cart
38:14 Masonry
37:38 Cavalier
39:50 Chemistry
39:22 Chivalry
41:14 Scale Barding Armor
41:54 Conscription
43:15 Paladin
49:03 Blast Furnace
50:06 Heavy Scorpion
Snakepit_GNR
7:57 Loom
11:28 Feudal Age
12:42 Double-Bit Axe
13:15 Horse Collar
18:06 Forging
21:27 Castle Age
19:32 Scale Mail Armor
20:27 Stone Mining
20:49 Fletching
22:50 Heavy Plow
24:54 Crossbowman
25:47 Bodkin Arrow
26:02 Gold Mining
27:51 Padded Archer Armor
28:45 Leather Archer Armor
28:04 Pikeman
32:00 Murder Holes
33:53 Iron Casting
37:01 Imperial Age
34:55 Ballistics
36:19 Scale Barding Armor
36:52 Wheelbarrow
36:03 Town Watch
37:59 Bracer
38:12 Thumb Ring
38:31 Conscription
40:10 Arbalester
43:11 Chemistry
44:02 Halberdier
47:21 Blast Furnace
46:37 Chain Mail Armor
48:16 Arquebus
50:04 Ring Archer Armor
55:43 Man-at-Arms
56:09 Gambesons
56:59 Plate Mail Armor
57:04 Long Swordsman
57:55 Two-Handed Swordsman
Connection lost

Rejoining the realm…

Still unreachable

The connection could not be restored.

Session expired

The server has moved on; the page needs a fresh start.